 Dungeon Crawl Stone Soup version 0.22.1-2-g9c5b331383 (webtiles) character file.

49 Ivernyr the Ducker (level 3, 0/17 HPs)
             Began as a Felid Berserker on Nov 25, 2018.
             Was a Follower of Trog.
             Slain by a goblin (2 damage)
             ... on level 2 of the Dungeon.
             The game lasted 00:11:23 (1808 turns).

Ivernyr the Ducker (Felid Berserker)                Turns: 1808, Time: 00:11:24

Health: 0/17       AC:  1    Str: 13    XL:     3   Next: 51%
Magic:  4/4        EV: 20    Int:  8    God:    Trog [*.....]
Gold:   66         SH:  0    Dex: 16    Spells: 2/2 levels left
                                        Lives:  0   Deaths: 0

rFire    . . .     SeeInvis +     - Unarmed
rCold    . . .     Gourm    .   (shield unavailable)
rNeg     . . .     Faith    .   (armour unavailable)
rPois    .         Spirit   .   (helmet unavailable)
rElec    .         Reflect  .   (cloak unavailable)
rCorr    .         Harm     .   (gloves unavailable)
MR       .....                  (boots unavailable)
Stlth    ++........             (no amulet)
HPRegen  0.05/turn              (no ring)
MPRegen  0.09/turn              (no ring)

@: berserk cooldown, hasted and slowed, quick
A: very small, no armour, no weapons or thrown items, stealth, claws 1, fangs 3,
see invisible, carnivore, speed 1, shaggy fur 1, slow metabolism 1, sharp paws
a: Berserk, Renounce Religion


You were on level 2 of the Dungeon.
You worshipped Trog.
Trog was aware of your devotion.
You were very hungry.

You visited 1 branch of the dungeon, and saw 2 of its levels.

You collected 66 gold pieces.

Inventory:

Scrolls
 d - a scroll of immolation {unknown}
 e - 2 scrolls of teleportation {unknown}
 g - 2 scrolls of identify {unknown}
Potions
 b - a potion of brilliance {unknown}
 c - a potion of mutation {unknown}
 f - a potion of haste
Comestibles
 a - 4 rations


   Skills:
 + Level 3.4 Fighting
 + Level 4.6 Dodging
 * Level 3.9 Unarmed Combat


You had 2 spell levels left.
You didn't know any spells.
Your spell library was empty.

Dungeon Overview and Level Annotations

Branches:
Dungeon (2/15)

Altars:


Innate Abilities, Weirdness & Mutations

You cannot wear armour.
You are incapable of wielding weapons or throwing items.
Your paws allow you to move quietly. (Stealth)
You have sharp claws.
You have razor-sharp teeth.
You have supernaturally acute eyesight. (SInv)
You are carnivorous and can eat meat at any time.
You cover ground quickly.
You are covered in fur. (AC +1)
You have a slow metabolism.
Your sharp claws are effective at attacking unaware monsters.


Message History

You scratch the adder.
The adder is moderately wounded.
The adder barely misses you. The goblin completely misses you.
The frilled lizard closely misses you.
You scratch the adder.
The adder is severely wounded.
The adder completely misses you. The goblin closely misses you.
The frilled lizard completely misses you.
The adder misses you.
You scratch the adder. Your bite misses the adder.
The adder is almost dead.
The adder bites you.
* * * LOW HITPOINT WARNING * * *
The goblin hits you.
* * * LOW HITPOINT WARNING * * *
The frilled lizard closely misses you. The adder completely misses you.
The frilled lizard barely misses you. The goblin misses you.
It was a potion of haste.
You feel yourself speed up. The adder bites you but does no damage.
The goblin hits you.
You die...

....... ..####. ......####.
........... ........##. ##
........##. .# ...........
######l# ...........
#....@g# ........... ....
#....S.# ........... ...
#......# #######'### ..
#......# #######.# .#
#......#####...†...# .#
###......#.......####... .#
#.+......#.###.#.# .##
)#########.#....)##......(#
.#
.................########.##
.#


You could see an adder, a goblin and a frilled lizard.

Vanquished Creatures
  2 adders (D:2)
  2 bats
  2 giant cockroaches (D:1)
  5 goblins
  8 jackals
  4 frilled lizards
  A kobold (D:2)
  5 rats
29 creatures vanquished.

Notes
Turn   | Place    | Note
-------+----------+-------------------------------------------
     0 | D:1      | Ivernyr the Felid Berserker began the quest for the Orb.
     0 | D:1      | Reached XP level 1. HP: 10/10 MP: 2/2
   721 | D:1      | Reached XP level 2. HP: 14/14 MP: 3/3
  1331 | D:2      | Reached XP level 3. HP: 15/17 MP: 4/4
  1808 | D:2      | Slain by a goblin

Action                   || total
-------------------------++-------
Melee: Unarmed           ||    83
       Bite              ||     4
Invok: Berserk           ||     9
  Use: Potion            ||     1
  Eat: Chunk             ||     8
Armor: Skin              ||    12
Dodge: Dodged            ||   147
